Map: Ley Lines

Players

Vaisravana - Winner!

  • Race: Protoss Protoss
  • Spawn Location: 7:00

kitune

  • Race: Zerg Zerg
  • Spawn Location: 1:00

VOD

Have the link to the VOD?

Description

Time

  • Played on: June 2, 2025, 1:19 p.m.
  • Length: 18:45
Show
View Real Time Build Order
Export as new Build Order

Vaisravana Protoss - Winner!

Build Orders: 1 Gate Expand, Oracle Opening 

Get SALT Encoding   

  12  0:00  Probe  
  13  0:12  Probe  
  14  0:19  Pylon  
  14  0:24  Probe  
  15  0:33  Probe  
  15  0:42  Probe  
  16  0:43  Gateway  
  17  0:50  Assimilator  
  17  1:01  Probe  
  18  1:13  Probe  
  19  1:25  Probe  
  20  1:30  Cybernetics Core  
  20  1:39  Nexus  
  20  1:44  Probe  
  21  1:48  Pylon  
  21  1:56  Probe  
  21  1:57  Assimilator, Adept  
  24  2:09  Probe  
  25  2:17  Cybernetics Core, Adept  
  27  2:33  Probe  
  28  2:38  Stargate  
  28  2:45  Probe  
  28  2:48  Adept  
  28  2:50  Warp Gate  
  31  2:56  Probe  
  31  2:57  Probe  
  33  3:08  Probe  
  33  3:09  Probe  
  35  3:13  Oracle  
  35  3:20  Probe  
  35  3:21  Probe  
  40  3:29  Pylon  
  40  3:32  Probe  
  40  3:33  Probe  
  42  3:44  Probe  
  42  3:45  Probe  
  44  3:50  Oracle, Pylon  
  47  3:57  Nexus  
  47  4:02  Probe x2  
  49  4:05  Assimilator  
  49  4:09  Assimilator  
  49  4:14  Probe x2  
  49  4:15  Shield Battery  
  51  4:26  Probe  
  51  4:27  Probe  
  53  4:38  Probe  
  53  4:39  Probe  
  53  4:42  Twilight Council  
  53  4:43  Forge  
  55  4:49  Stalker  
  55  4:51  Probe x2  
  59  4:53  Protoss Ground Weapons Level 1  
  59  4:54  Blink  
  59  5:03  Probe x2, Gateway  
  59  5:04  Gateway  
  59  5:05  Gateway  
  61  5:09  Probe  
  62  5:15  Probe  
  64  5:21  Probe x2  
  64  5:25  Photon Cannon  
  64  5:28  Probe  
  66  5:33  Probe x2  
  68  5:40  Probe  
  68  5:41  Pylon  
  68  5:42  Stalker  
  71  5:46  Probe x2  
  73  5:52  Probe  
  74  5:58  Probe x2  
  74  5:59  Pylon  
  74  6:01  Stalker x3  
  82  6:04  Probe  
  82  6:05  Stalker  
  85  6:14  Pylon  
  85  6:17  Probe x2  
  87  6:20  Gateway  
  87  6:23  Gateway  
  87  6:24  Stalker x2  
  87  6:25  Stalker  
  93  6:31  Stalker  
  91  6:41  Probe x2  
  93  6:50  Stalker x3  
  93  6:56  Probe x2  
  93  6:59  Probe  
  88  7:08  Probe x2  
  85  7:10  Protoss Ground Weapons Level 2  
  85  7:11  Probe  
  85  7:13  Stalker x3  
  91  7:19  Templar Archives  
  91  7:20  Probe, Gateway  
  91  7:21  Oracle  
  96  7:22  Charge, Gateway  
  95  7:32  Assimilator x2  
  93  7:40  Nexus  
  93  7:41  Pylon  
  93  7:45  Gateway  
  93  7:46  Stalker, Pylon  
  93  7:48  Zealot x2  
  93  7:49  Zealot  
  101  7:59  Probe x3  
  101  8:01  Shield Battery  
  101  8:03  Psionic Storm  
  101  8:04  Photon Cannon x2  
  104  8:11  Probe  
  105  8:16  High Templar x3  
  105  8:18  High Templar  
  113  8:25  Probe x3  
  116  8:27  Pylon  
  116  8:28  Pylon  
  116  8:42  Probe  
  116  8:43  Probe x2  
  105  8:50  Zealot  
  105  8:51  Zealot x7  
  107  8:58  Probe x3  
  98  9:12  Zealot x2  
  98  9:13  Zealot x6  
  102  9:24  Probe x3  
  102  9:29  Pylon  
  105  9:36  High Templar x5  
  105  9:37  High Templar x2  
  119  9:43  Archon x2  
  119  9:45  Protoss Ground Weapons Level 3  
  119  9:49  Nexus  
  119  9:50  Shield Battery  
  119  9:52  Photon Cannon  
  119  9:53  Photon Cannon, Zealot  
  121  10:05  Robotics Facility, Pylon  
  121  10:13  Shield Battery  
  121  10:14  Photon Cannon, Probe x3  
  124  10:24  Gateway  
  124  10:25  Gateway  
  124  10:27  High Templar  
  124  10:28  High Templar, Gateway  
  126  10:32  Probe x3  
  126  10:33  Archon  
  131  10:44  Zealot x4  
  131  10:45  Zealot  
  141  10:50  Warp Prism  
  141  10:58  Assimilator  
  141  11:02  Assimilator  
  143  11:09  Zealot x4  
  143  11:10  Zealot x2  
  132  11:26  Observer  
  132  11:28  Zealot x4  
  132  11:29  Zealot x2  
  144  11:44  Stargate, Observer  
  144  11:45  Fleet Beacon  
  112  12:06  Zealot x4  
  112  12:07  Zealot x5  
  112  12:08  Zealot x2  
  132  12:10  Immortal, Probe  
  132  12:11  Probe x3  
  140  12:22  Tempest x2  
  140  12:34  High Templar  
  140  12:35  High Templar x3  
  156  12:38  Probe  
  156  12:39  Nexus, Probe  
  156  12:40  Probe x2  
  150  12:45  Pylon  
  150  12:48  Pylon  
  150  12:50  Zealot x2  
  150  12:51  Zealot x5  
  152  13:01  Probe  
  152  13:02  Probe x3  
  152  13:05  Protoss Shields Level 1  
  156  13:11  Tempest x2  
  162  13:31  Protoss Air Weapons Level 1  
  162  13:36  Zealot  
  162  13:37  Zealot x4  
  168  13:55  Oracle  
  168  13:56  Tempest  
  168  14:01  High Templar x2  
  172  14:08  Zealot x2  
  172  14:09  Zealot x2  
  187  14:13  Unknown  
  187  14:15  Gateway  
  187  14:16  Gateway  
  177  14:17  Photon Cannon  
  177  14:18  Photon Cannon  
  177  14:21  Immortal  
  181  14:25  Robotics Facility, Stalker  
  181  14:26  Robotics Facility  
  183  14:33  Zealot x2  
  182  15:02  Nexus, Pylon  
  182  15:04  Pylon  
  182  15:06  Pylon  
  178  15:08  Pylon  
  178  15:26  Dark Shrine  
  144  16:10  Tempest x2  
  148  16:17  Immortal x3, High Templar  
  148  16:18  High Templar x8  
  170  16:19  High Templar x2  
  170  16:21  Archon  
  170  16:22  Archon x4  
  182  16:49  Gateway  
  182  16:51  Photon Cannon, Gateway  
  182  16:52  Photon Cannon  
  182  16:55  Zealot x7  
  182  16:56  Zealot x2  
  200  17:05  Nexus  
  200  17:07  Pylon  
  158  17:51  Zealot x2  
  158  17:52  Zealot x2  
  158  17:58  High Templar x7  
  174  18:02  Archon x2  
  174  18:03  Archon  
  172  18:13  Zealot x4  
  172  18:16  Unknown  
Show
View Real Time Build Order
Export as new Build Order

kitune Zerg 

Build Orders: Pool First, Lurkers 

Get SALT Encoding   

  12  0:01  Drone  
  13  0:13  Overlord  
  13  0:17  Drone  
  14  0:31  Drone x2  
  16  0:41  Spawning Pool  
  15  0:45  Drone  
  15  0:49  Drone  
  17  1:09  Hatchery  
  16  1:13  Drone  
  16  1:18  Extractor  
  16  1:29  Zergling x6  
  19  1:36  Queen  
  21  1:41  Drone  
  22  1:51  Overlord  
  22  2:12  Queen  
  24  2:19  Drone  
  24  2:20  Metabolic Boost, Drone  
  26  2:34  Drone  
  26  2:35  Drone x3  
  29  2:48  Queen  
  31  2:56  Lair  
  31  2:59  Overlord  
  31  3:15  Drone x4  
  35  3:20  Drone x4  
  35  3:26  Extractor  
  38  3:31  Spore Crawler  
  38  3:34  Drone x3  
  40  3:44  Overlord  
  40  3:45  Drone x2  
  42  3:50  Drone  
  42  3:52  Overlord  
  43  4:08  Drone x5  
  48  4:13  Hydralisk Den  
  48  4:15  Drone x2  
  48  4:16  Drone  
  50  4:29  Extractor x2  
  48  4:33  Drone  
  48  4:35  Drone  
  48  4:36  Drone x2  
  48  4:37  Overlord  
  48  4:38  Overlord x2  
  52  4:51  Hydralisk  
  52  4:52  Hydralisk  
  56  4:58  Spore Crawler  
  54  5:04  Hydralisk x2  
  58  5:13  Drone x2  
  60  5:23  Hydralisk  
  60  5:24  Hydralisk x5  
  72  5:33  Grooved Spines  
  72  5:35  Overlord  
  72  5:36  Hydralisk  
  74  6:03  Drone  
  74  6:04  Drone  
  76  6:11  Hydralisk x7  
  90  6:23  Zergling x4, Muscular Augments  
  91  6:26  Overlord x3  
  91  6:27  Overlord  
  88  6:41  Zergling x6  
  88  6:42  Zergling x2  
  76  7:09  Hydralisk  
  76  7:10  Hydralisk x4  
  76  7:15  Zergling x2  
  81  7:16  Zergling x6  
  81  7:29  Hydralisk  
  76  7:30  Hydralisk  
  72  7:37  Hydralisk x3  
  72  7:38  Hydralisk x2  
  72  7:40  Hatchery  
  81  7:45  Lurker Den  
  81  7:48  Infestation Pit  
  79  7:56  Hydralisk x5  
  89  8:16  Hydralisk x6  
  101  8:31  Hatchery, Hydralisk  
  101  8:32  Hydralisk x3  
  102  8:44  Zergling x10  
  99  8:52  Evolution Chamber, Hive  
  96  9:00  Zergling x8  
  96  9:01  Zergling x4  
  99  9:22  Drone  
  99  9:23  Drone x9  
  109  9:33  Drone  
  109  9:34  Drone x4  
  114  9:47  Evolution Chamber  
  114  9:50  Lurker  
  114  9:51  Lurker x6  
  120  9:57  Drone, Extractor  
  120  9:58  Extractor, Drone x2  
  121  10:00  Drone x3  
  124  10:08  Lurker x2  
  126  10:15  Drone x5  
  126  10:16  Drone x4  
  126  10:18  Overlord x2  
  126  10:20  Hatchery  
  134  10:30  Zerg Missile Weapons Level 1  
  134  10:37  Seismic Spines  
  134  10:45  Zergling x28  
  148  10:54  Overlord  
  148  10:55  Overlord x3  
  131  11:20  Hydralisk x12  
  131  11:21  Hydralisk  
  133  11:31  Hydralisk  
  133  11:32  Hydralisk x4  
  138  11:34  Adaptive Talons  
  135  11:46  Extractor  
  133  11:48  Extractor  
  133  11:51  Hydralisk  
  133  11:52  Hydralisk x6  
  135  11:58  Drone x3  
  135  12:00  Drone x3  
  134  12:06  Lurker x2  
  126  12:15  Zerg Ground Armor Level 1  
  126  12:24  Drone x2  
  126  12:25  Drone  
  126  12:29  Hydralisk x5  
  106  12:46  Drone x3  
  106  12:47  Drone x3  
  106  12:49  Drone x3  
  112  12:51  Drone x2  
  112  12:52  Drone  
  112  12:57  Drone  
  112  12:58  Drone x5  
  120  13:00  Drone x2  
  120  13:01  Drone  
  120  13:04  Lurker x2  
  126  13:06  Lurker  
  126  13:07  Lurker x2  
  126  13:11  Queen  
  131  13:13  Queen  
  131  13:19  Zerg Missile Weapons Level 2  
  133  13:23  Lurker  
  133  13:24  Lurker  
  132  13:43  Hydralisk x7  
  124  14:18  Queen  
  124  14:19  Drone  
  124  14:20  Drone x7  
  124  14:22  Drone x2  
  124  14:23  Drone  
  137  14:24  Drone x3  
  137  14:26  Hydralisk  
  137  14:27  Hydralisk x7  
  154  14:51  Viper  
  154  14:52  Viper x2  
  150  15:03  Drone x6  
  150  15:04  Drone x7  
  161  15:28  Hatchery  
  144  15:58  Spire  
  110  16:08  Hydralisk x3  
  110  16:09  Hydralisk x16  
  133  16:42  Lurker  
  133  16:43  Lurker x6  
  133  16:44  Lurker  
  141  16:54  Spine Crawler  
  141  16:56  Spine Crawler x2  
  141  16:58  Spine Crawler, Extractor, Drone x3  
  141  16:59  Extractor  
  141  17:00  Drone x2  
  141  17:01  Hydralisk, Drone  
  141  17:02  Hydralisk x5  
  141  17:06  Zergling x2  
  141  17:07  Zergling x22  
  129  17:45  Hydralisk x7, Overseer  
  129  17:49  Overlord x4  
  132  18:14  Corruptor  
  132  18:15  Corruptor x3  
  135  18:25  Hatchery  
Tags
 
Add a new tag
Caveats
  • Supply blocks, unpowered buildings, or Contaminate may cause inaccurate times.
  • Supply counts are checked every 10 seconds.